 Dungeon Crawl Stone Soup version 0.29.0-4-gdea44cf6ec (webtiles) character file.

Game seed: 8828352840646260737

212 qw the Chopper (level 5, 0/33 HPs)
             Began as a Gargoyle Berserker on Sept 5, 2022.
             Was a Believer of Trog.
             Slain by a gnoll
             ... wielding a +0 spear of venom
             ... led by a gnoll bouda
              (8 damage)
             ... on level 3 of the Dungeon.
             The game lasted 00:00:56 (2737 turns).

qw the Chopper (Gargoyle Berserker)                 Turns: 2737, Time: 00:00:56

Health: 0/33       AC:  7    Str: 22    XL:     5   Next: 89%
Magic:  5/5        EV: 15    Int:  8    God:    Trog [**....]
Gold:   97         SH:  0    Dex:  9    Spells: 4/4 levels left

rFire   . . .      SeeInvis .   Y - +1 hand axe
rCold   . . .      Faith    .   (no shield)
rNeg    + . .      Spirit   .   b - +0 animal skin
rPois   inf        Reflect  .   h - +0 helmet
rElec   +          Harm     .   (no cloak)
rCorr   .          Rampage  .   (no gloves)
Will    .....                   (no boots)
Stlth   +.........              (no amulet)
HPRegen 0.11/turn               d - +4 ring of evasion
MPRegen 0.09/turn               (no ring)

@: on berserk cooldown, slowed, very slow
A: sickness immunity, AC +4, negative energy resistance 1, electricity
resistance, torment resistance 1, petrification resistance
a: Renounce Religion, Berserk, Trog's Hand


You were on level 3 of the Dungeon.
You worshipped Trog.
Trog was pleased with you.
You visited 1 branch of the dungeon, and saw 3 of its levels.

You collected 97 gold pieces.


Innate Abilities, Weirdness & Mutations

You are immune to sickness and miasma.
Your stone body is resilient. (AC +4)
You are immune to poison.
You resist negative energy. (rN+)
You are resistant to electric shocks. (rElec)
You are resistant to unholy torment.
You are immune to petrification.


   Skills:
 - Level 4.0 Fighting
 + Level 5.5 Axes
 - Level 2.1 Armour
 - Level 1.5 Dodging


You had 4 spell levels left.
You didn't know any spells.
Your spell library was empty.

Inventory:

Hand Weapons
 e - a +0 whip
 Y - a +1 hand axe (weapon)
Armour
 b - a +0 animal skin (worn)
 h - a +0 helmet (worn)
Jewellery
 d - a +4 ring of evasion (left hand)
Scrolls
 a - a scroll of identify
Potions
 c - a potion of cancellation
 f - a potion of brilliance {unknown}
 g - 2 potions of curing
 j - a potion of might {unknown}

Dungeon Overview and Level Annotations

Branches:
Dungeon (3/15)

Altars:


Message History

You kill the gnoll bouda!
Trog accepts your kill. The gnoll barely misses you.
A gnoll comes into view. It is wielding a +0 spear of venom.
The gnoll shouts!
The gnoll barely misses you. The gnoll closely misses you.
The gnoll moves out of view.
There is a stone staircase leading up here.
Things that are here:
a +0 whip; a +0 leather armour; a gnoll corpse You slash the gnoll!
The gnoll is severely wounded.
You hit the gnoll.
The gnoll enters a dispersal trap!
The gnoll blinks! x2; You blink.
You slash the gnoll!
You kill the gnoll!
Trog accepts your kill.
You are no longer berserk.
You are exhausted.
You feel yourself slow down.
Things that are here:
a +0 flail; a gnoll corpse The gnoll hits you but does no damage. x2
The gnoll closely misses you. The gnoll misses you.
You barely miss the gnoll.
The gnoll is severely wounded.
The gnoll closely misses you. The gnoll hits you with a +3 spear! x2
The gnoll hits you from afar with a +0 spear of venom.
You hit the gnoll.
You kill the gnoll!
Trog accepts your kill. The gnoll closely misses you. x2
The gnoll misses you.
There is a stone staircase leading down, spattered with blood here.
Things that are here:
a +3 spear; a +0 club; a gnoll corpse You barely miss the gnoll.
The gnoll hits you with a +0 spear of venom.
The gnoll hits you with a +0 spear of venom!
You die...

## #####
..
#...###
###g
###.#...
...
.....#
#.####..#
#.g@..).#
######.##
#.# #.#
#.# #.#
#.# #..


You could see a gnoll (swift).

Vanquished Creatures
  A gnoll bouda (D:3)
  Natasha (thrice) (D:2)
  Robin (D:2)
  3 gnolls (D:3)
  An adder (D:2)
  A worm (D:2)
  4 bats
  3 endoplasms (D:2)
  A giant cockroach (D:2)
  5 hobgoblins
  4 jackals (D:1)
  A quokka (D:2)
  5 ball pythons (D:2)
  A frilled lizard (D:1)
  15 goblins
  4 kobolds (D:1)
  3 rats
56 creatures vanquished.

Vanquished Creatures (others)
  A goblin (D:2)
  3 fungi (D:2)
4 creatures vanquished.

Grand Total: 60 creatures vanquished

Notes
Turn   | Place    | Note
-------+----------+-------------------------------------------
     0 | D:1      | qw the Gargoyle Berserker began the quest for the Orb.
     0 | D:1      | Reached XP level 1. HP: 14/14 MP: 1/1
     0 | D:1      | 0 ||| qw: Version: 0.1-a-104-g96f76f8
     0 | D:1      | 0 ||| qw: Game counter: 5841
     0 | D:1      | 0 ||| qw: Always use a shield: true
     0 | D:1      | 0 ||| qw: Do Orc after D:15 true
     0 | D:1      | 0 ||| qw: Do second Lair branch before Depths: true
     0 | D:1      | 0 ||| qw: Lair rune preference: random
     0 | D:1      | 0 ||| qw: Plans: Normal
     0 | D:1      | 0 ||| PLANNING D:1-11
   104 | D:1      | 104 ||| INVOKING Berserk.
   109 | D:1      | Reached skill level 3 in Axes
   322 | D:1      | Reached XP level 2. HP: 19/19 MP: 2/2
   346 | D:1      | 346 ||| DROPPING +0 club.
  1139 | D:1      | You fall into a shaft and drop 1 floor!
  1170 | D:2      | 1170 ||| Stepping ~*~*~tactically~*~*~ (stealth).
  1214 | D:2      | Noticed Natasha
  1217 | D:2      | Noticed a crimson imp
  1218 | D:2      | 1218 ||| INVOKING Berserk.
  1221 | D:2      | Killed Natasha
  1222 | D:2      | Reached skill level 4 in Axes
  1222 | D:2      | Reached XP level 3. HP: 23/23 MP: 3/3
  1281 | D:2      | 1281 ||| READING 4 scrolls labelled LURUDW NEKKOYSK.
  1282 | D:2      | 1282 ||| READING scroll labelled FULITE JASOMN.
  1283 | D:2      | 1283 ||| READING scroll labelled SUASA UKYO.
  1284 | D:2      | 1284 ||| READING scroll labelled GAYDAI RESM.
  1285 | D:2      | 1285 ||| READING 3 scrolls of identify.
  1285 | D:2      | 1285 ||| IDENTIFYING bubbling amethyst potion
  1286 | D:2      | 1286 ||| READING 2 scrolls of identify.
  1286 | D:2      | 1286 ||| IDENTIFYING fuming ruby potion
  1401 | D:2      | 1401 ||| Stepping ~*~*~tactically~*~*~ (stealth).
  1403 | D:2      | 1403 ||| Stepping ~*~*~tactically~*~*~ (hiding).
  1421 | D:2      | Noticed Robin
  1425 | D:2      | Reached XP level 4. HP: 25/28 MP: 4/4
  1425 | D:2      | 1425 ||| Stepping ~*~*~tactically~*~*~ (hiding).
  1429 | D:2      | Reached ** piety under Trog
  1430 | D:2      | 1430 ||| INVOKING Berserk.
  1435 | D:2      | Killed Robin
  1735 | D:2      | 1735 ||| Stepping ~*~*~tactically~*~*~ (stealth).
  1736 | D:2      | 1736 ||| Stepping ~*~*~tactically~*~*~ (stealth).
  1805 | D:2      | 1805 ||| Stepping ~*~*~tactically~*~*~ (stealth).
  1821 | D:2      | 1821 ||| Stepping ~*~*~tactically~*~*~ (stealth).
  1822 | D:2      | 1822 ||| Stepping ~*~*~tactically~*~*~ (stealth).
  1928 | D:2      | Noticed Natasha
  1933 | D:2      | 1933 ||| INVOKING Berserk.
  1938 | D:2      | Killed Natasha
  1939 | D:2      | Reached skill level 5 in Axes
  1959 | D:2      | 1959 ||| Stepping ~*~*~tactically~*~*~ (stealth).
  1961 | D:2      | 1961 ||| Stepping ~*~*~tactically~*~*~ (stealth).
  1962 | D:2      | 1962 ||| Stepping ~*~*~tactically~*~*~ (stealth).
  1969 | D:2      | 1969 ||| FLEEEEING.
  1970 | D:2      | 1970 ||| FLEEEEING.
  2073 | D:2      | 2073 ||| Stepping ~*~*~tactically~*~*~ (stealth).
  2082 | D:2      | Reached XP level 5. HP: 25/32 MP: 5/5
  2083 | D:2      | 2083 ||| FLEEEEING.
  2084 | D:2      | 2084 ||| FLEEEEING.
  2085 | D:2      | 2085 ||| FLEEEEING.
  2086 | D:2      | 2086 ||| FLEEEEING.
  2087 | D:2      | 2087 ||| FLEEEEING.
  2088 | D:2      | 2088 ||| FLEEEEING.
  2089 | D:2      | 2089 ||| FLEEEEING.
  2090 | D:2      | 2090 ||| FLEEEEING.
  2092 | D:2      | 2092 ||| FLEEEEING.
  2093 | D:2      | 2093 ||| FLEEEEING.
  2095 | D:2      | 2095 ||| FLEEEEING.
  2096 | D:2      | 2096 ||| FLEEEEING.
  2097 | D:2      | 2097 ||| FLEEEEING.
  2098 | D:2      | 2098 ||| FLEEEEING.
  2099 | D:2      | 2099 ||| FLEEEEING.
  2100 | D:2      | 2100 ||| FLEEEEING.
  2101 | D:2      | 2101 ||| FLEEEEING.
  2102 | D:2      | 2102 ||| FLEEEEING.
  2104 | D:2      | 2104 ||| FLEEEEING.
  2105 | D:2      | 2105 ||| FLEEEEING.
  2108 | D:2      | 2108 ||| FLEEEEING.
  2110 | D:2      | 2110 ||| FLEEEEING.
  2111 | D:2      | 2111 ||| FLEEEEING.
  2112 | D:2      | 2112 ||| FLEEEEING.
  2113 | D:2      | 2113 ||| FLEEEEING.
  2114 | D:2      | 2114 ||| FLEEEEING.
  2115 | D:2      | 2115 ||| FLEEEEING.
  2116 | D:2      | 2116 ||| FLEEEEING.
  2118 | D:2      | 2118 ||| FLEEEEING.
  2119 | D:2      | 2119 ||| FLEEEEING.
  2120 | D:2      | 2120 ||| STAIRDANCE
  2151 | D:1      | 2151 ||| UPGRADING to +0 helmet.
  2156 | D:1      | 2156 ||| UPGRADING to +4 ring of evasion.
  2157 | D:1      | 2157 ||| READING 2 scrolls labelled HIMUGOFF TAAKH.
  2158 | D:1      | 2158 ||| DROPPING scroll of poison.
  2172 | D:2      | Noticed Natasha
  2174 | D:2      | 2174 ||| FLEEEEING.
  2175 | D:2      | 2175 ||| STAIRDANCE
  2314 | D:2      | 2314 ||| INVOKING Berserk.
  2319 | D:2      | Killed Natasha
  2445 | D:2      | Found a faded altar of an unknown god.
  2691 | D:2      | 2691 ||| READING scroll labelled JYNOKH UTAXO.
  2713 | D:3      | 2713 ||| Stepping ~*~*~tactically~*~*~ (hiding).
  2714 | D:3      | 2714 ||| Stepping ~*~*~tactically~*~*~ (stealth).
  2716 | D:3      | 2716 ||| INVOKING Berserk.
  2737 | D:3      | HP: 8/33 [gnoll/+0 spear of venom[a gnoll bouda] (4)]
  2737 | D:3      | Slain by a gnoll

Levels and vault maps discovered:
D:1:      dpeg_arrival_triangle_fractal, layout_basic
D:2:      layout_loops_ring, shapermc_ecumenical_altar_acropolis,
          minmay_quantized, uniq_robin, uniq_natasha
D:3:      minmay_recursive_quarters, layout_loops_ring, minmay_distorted,
          uniq_jessica, uniq_sigmund

Skill      XL: |  1  2  3  4  5 |
---------------+----------------+-----
Axes           | 3 4 5 |  5.5
Fighting       | 4 |  4.0
Armour         | |  2.1
Dodging        | |  1.5

Action                   |  1- 3 |  4- 6 || total
-------------------------+-------+-------++-------
Melee: Hand axe          |    73 |    78 ||   151
Invok: Berserk           |     2 |     4 ||     6
  Use: Scroll            |     6 |     2 ||     8
Armor: Animal skin       |    33 |    19 ||    52
Dodge: Dodged            |    45 |    45 ||    90

Table legend:
 A = Non-vault XP
 B = Vault XP
 C = Vault XP percentage of total XP
 D = Non-vault monster count
 E = Vault monster count
 F = Vault count percentage of total count
                 A         B        C        D         E       F
            +---------+---------+-------+---------+---------+-------
      Total |     220 |      83 |  27.4 |      37 |      19 |  33.9
            +---------+---------+-------+---------+---------+-------
        D:1 |      26 |       0 |   0.0 |      16 |       0 |   0.0
        D:2 |     110 |      83 |  43.0 |      17 |      19 |  52.8
        D:3 |      84 |       0 |   0.0 |       4 |       0 |   0.0
            +---------+---------+-------+---------+---------+-------
